 Dungeon Crawl Stone Soup version 0.30-a0-782-ge64f9170bb (webtiles) character file.

Game seed: 2347646541835107641

10 mistaj the Shield-Bearer (level 2, -1/16 HPs)
             Began as a Vine Stalker Fighter on Feb 18, 2023.
             Succumbed to a kobold's poison
             ... on level 1 of the Dungeon.
             The game lasted 00:00:51 (201 turns).

mistaj the Shield-Bearer (Vine Stalker Fighter)      Turns: 201, Time: 00:00:52

Health: -1/16      AC:  8    Str: 18    XL:     2   Next: 20%
Magic:  3/3        EV:  6    Int:  8    God:
Gold:   29         SH:  4    Dex: 13    Spells: 1/1 levels left

rFire   . . .      SeeInvis .    a - +0 war axe
rCold   . . .      Faith    .    c - +0 buckler
rNeg    . . .      Spirit   +    e - +0 chain mail
rPois   .          Reflect  .    (no helmet)
rElec   .          Harm     .    (no cloak)
rCorr   .          Rampage  .    (no gloves)
Will    .....                    (no boots) Stlth
                                 (no amulet)
HPRegen 0.22/turn                (no ring)
MPRegen 0.08/turn                (no ring)

@: lethally poisoned (-1 -> -28)
A: fangs 2, magic shield, antimagic bite, no potion heal 2
a: no special abilities


You were on level 1 of the Dungeon.
You visited 1 branch of the dungeon, and saw 1 of its levels.

You collected 29 gold pieces.

Inventory:

Hand Weapons
 a - a +0 war axe (weapon)
Armour
 c - a +0 buckler (worn)
 e - a +0 chain mail (worn)
Scrolls
 b - a scroll of teleportation {unknown}
Potions
 d - a potion of might
 f - a potion of curing {unknown}


   Skills:
 + Level 2.9 Fighting
 + Level 2.1 Axes
 - Level 2.4 Armour
 + Level 2.9 Shields


You had one spell level left.
You didn't know any spells.
Your spell library was empty.

Dungeon Overview and Level Annotations

Branches:
Dungeon (1/15)

Altars:

Annotations:
D:1 1 transporter


Innate Abilities, Weirdness & Mutations

You have extremely sharp teeth.
When hurt, damage is shared between your health and your magic reserves.
Your bite disrupts and absorbs the magic of your enemies.
Potions cannot restore your health.


Message History

Found a dagger.
You see here a +0 dagger.
You open the door.
An endoplasm, a quokka and a kobold come into view.
The kobold is wielding a +0 short sword of venom.
The endoplasm quivers.
The kobold shouts!
You hear an angry hiss.
The endoplasm moves out of view.
A ball python comes into view.
The ball python hisses angrily.
You block the quokka's attack.
The quokka bites you but does no damage.
There is an open door here.
You miss the quokka. You bite the quokka. You drain its power.
The quokka is lightly wounded.
The quokka barely misses you.
You closely miss the quokka. Your bite misses the quokka.
The quokka is lightly wounded.
You completely miss the kobold. You block the quokka's attack.
The kobold hits you with a +0 short sword of venom.
You are poisoned.
The quokka bites you but does no damage.
The kobold hits you but does no damage.
You are lethally poisoned!
You completely miss the quokka. Your bite misses the quokka.
The quokka is lightly wounded.
You barely miss the kobold. You barely miss the ball python.
You feel very sick.
The ball python bites you but does no damage.
The ball python grabs you. The ball python constricts you.
The quokka barely misses you. The kobold hits you but does no damage.
You are more poisoned.
The ball python bites you. The ball python constricts you.
The quokka bites you.
* * * LOW HITPOINT WARNING * * *
You are too injured to fight recklessly!
You escape the ball python's grasp.
The ball python attacks as you move away!
The ball python barely misses you.
You die...

#.# #.##..# #.#####
#.# #.....###.###
###.###.##...).....
+.#.....###.#####.
#.#.###.....#####.
#...###............
###).##.###########
#..##.# #.@...#
##'#### #.KrS....#
#...J....#
#........#
#.........#
...........
######..#### #.#


You could see an endoplasm, a quokka, a ball python and a kobold.

Vanquished Creatures
  A ball python (D:1)
  2 endoplasms (D:1)
  2 hobgoblins (D:1)
  A bat (D:1)
  2 frilled lizards (D:1)
  2 rats (D:1)
10 creatures vanquished.

Notes
Turn   | Place    | Note
-------+----------+-------------------------------------------
     0 | D:1      | mistaj the Vine Stalker Fighter began the quest for the
                  | Orb.
     0 | D:1      | Reached XP level 1. HP: 11/11 MP: 2/2
   148 | D:1      | Reached XP level 2. HP: 13/16 MP: 1/3
   201 | D:1      | Succumbed to a kobold's poison

Illustrated notes

Levels and vault maps discovered:
D:1:      spicycebolla_arrival_risky_transporter, layout_basic

Skill      XL: |  1 |
---------------+----+-----
Axes           | 2 |  2.1
Fighting       | |  2.9
Armour         | |  2.4
Shields        | |  2.9

Action                     || total
---------------------------++-------
  Melee: War axe           ||    30
         Bite              ||     4
 Armour: Scale mail        ||    22
         Chain mail        ||     7
  Dodge: Dodged            ||    16
  Block: Buckler           ||    10

Table legend: (Time is in decaauts)
 A = Elapsed time spent in this place.
 B = Non-inter-level travel time spent in this place.
 C = Inter-level travel time spent in this place.
 D = Time resting spent in this place.
 E = Time spent auto-exploring this place.
 F = Levels seen in this place.
 G = Mean time per level.
                   A        B        C        D        E       F      G
               +--------+--------+--------+--------+--------+-----+--------+
         Total |    214 |    214 |      0 |     16 |     99 |   1 |  214.0 |
       Dungeon |    214 |    214 |      0 |     16 |     99 |   1 |  214.0 |
               +--------+--------+--------+--------+--------+-----+--------+

Top non-repeatable levels by time:
     D:1: 214 daAuts
